 Dungeon Crawl Stone Soup version 0.23.2-40-g277498a001 (webtiles) character file.

Game seed: 15595742322777598337

2468 Amplified the Magician (level 9, 0/103 (105) HPs)
             Began as a Gnoll Skald on Oct 4, 2019.
             Was a Believer of Makhleb.
             Slain by a killer bee (2 damage)
             ... on level 9 of the Dungeon.
             The game lasted 00:18:26 (7736 turns).

Amplified the Magician (Gnoll Skald)                Turns: 7736, Time: 00:18:26

HP:   0/103 (105)   AC: 25    Str: 13    XL:     9   Next: 51%
MP:   10/18         EV:  2    Int: 18    God:    Makhleb [**....]
Gold: 367           SH:  0    Dex: 16    Spells: 4/21 levels left

rFire    . . .     SeeInvis .   n - +0 trident
rCold    . . .     Gourm    .   (no shield)
rNeg     + + +     Faith    .   (armour currently unavailable)
rPois    +         Spirit   .   (helmet currently unavailable)
rElec    .         Reflect  .   (cloak currently unavailable)
rCorr    .         Harm     .   (gloves currently unavailable)
MR       .....     NoTele   +   (boots currently unavailable)
Stlth    +++.......             (no amulet)
HPRegen  1.27/turn              s - +2 ring of slaying
MPRegen  0.16/turn              f - +5 ring of protection

@: tree-form, corroded, regenerating (expiring)
A: distributed training, strong nose
a: Minor Destruction, Renounce Religion


You were on level 9 of the Dungeon.
You worshipped Makhleb.
Makhleb was pleased with you.
You were very hungry.
You were a tree.
You visited 2 branches of the dungeon, and saw 10 of its levels.

You collected 367 gold pieces.

Inventory:

Hand Weapons
 m - a +0 hunting sling
 n - a +0 trident (weapon)
Missiles
 i - 57 sling bullets
 j - 246 stones (quivered)
 o - 8 javelins
Armour
 a - a +2 pair of boots (melded)
 p - a +2 leather armour of cold resistance (melded)
Jewellery
 f - a +5 ring of protection (right branch)
 l - an uncursed ring of fire
 s - a +2 ring of slaying (left branch)
Scrolls
 c - 3 scrolls of identify
 e - a scroll of enchant weapon
 k - 3 scrolls of magic mapping
Comestibles
 d - 7 rations


   Skills:
 + Level 6.3 Fighting
 + Level 4.2 Short Blades
 + Level 4.2 Long Blades
 + Level 4.2 Axes
 + Level 4.2 Maces & Flails
 + Level 6.3 Polearms
 + Level 4.2 Staves
 + Level 4.2 Slings
 + Level 4.2 Bows
 + Level 4.2 Crossbows
 + Level 4.2 Throwing
 + Level 5.0 Armour
 + Level 6.3 Dodging
 + Level 4.2 Stealth
 + Level 4.2 Shields
 + Level 4.2 Unarmed Combat
 + Level 6.6 Spellcasting
 + Level 3.5 Conjurations
 + Level 3.5 Hexes
 + Level 6.5 Charms
 + Level 3.5 Summonings
 + Level 3.5 Necromancy
 + Level 3.5 Translocations
 + Level 3.5 Transmutations
 + Level 3.5 Fire Magic
 + Level 3.5 Ice Magic
 + Level 3.5 Air Magic
 + Level 3.5 Earth Magic
 + Level 3.5 Poison Magic
 + Level 4.6 Invocations
 + Level 4.2 Evocations


You had 4 spell levels left.
You knew the following spells:

 Your Spells              Type           Power        Failure   Level  Hunger
a - Infusion              Chrm           ####         1%          1    None
b - Song of Slaying       Chrm           ####....     1%          2    None
c - Shroud of Golubria    Chrm/Tloc      ###.......   2%          2    None
d - Regeneration          Chrm/Necr      ###.......   4%          3    ##.....
e - Spectral Weapon       Hex/Chrm       ###.....     4%          3    ##.....
f - Confusing Touch       Hex            ###...       2%          1    None
g - Stone Arrow           Conj/Erth      ###...       9%          3    ##.....
h - Passwall              Tmut/Erth      ###.....     4%          2    None

Your spell library contained the following spells:

 Spells                   Type           Power        Failure   Level  Hunger
 Sandblast                Erth           ###...       2%          1    None
 Summon Butterflies       Summ           ###.....     2%          1    None
 Call Canine Familiar     Summ           ###.....     9%          3    ##.....
 Confuse                  Hex            ###.....     9%          3    ##.....
 Gell's Gravitas          Tloc           ###.......   9%          3    ##.....
 Petrify                  Tmut/Erth      ###.....     26%         4    ####...
 Summon Ice Beast         Ice/Summ       ###.....     26%         4    ####...
 Lee's Rapid Deconstruct  Erth           ###.......   58%         5    #####..
 Metabolic Englaciation   Hex/Ice        ###.......   58%         5    #####..
 Summon Mana Viper        Hex/Summ       ###.....     58%         5    #####..
 Yara's Violent Unravell  Hex/Tmut       ###.......   58%         5    #####..
 Summon Hydra             Summ           ###.......   100%        7    #######


Dungeon Overview and Level Annotations

Branches:
Dungeon (9/15)             Temple (1/1) D:4            Lair (0/6) D:8
    Orc: D:9-12

Altars:
Ashenzari
Cheibriados
Elyvilon
Fedhas
Gozag
Hepliaklqana
Makhleb
Nemelex Xobeh
Qazlal
Ru
Sif Muna
Trog
Uskayaw
Vehumet
Wu Jian
Zin
The Shining One

Shops:
D:4 :   D:8 =

Annotations:
D:4 1 runed translucent door, Leekoo's ghost, novice MfAK
D:8 3 runed translucent doors, Harold; Philippstinkt's ghost, novice HaHu; Prince Ribbit
D:9 Psyche


Innate Abilities, Weirdness & Mutations

Your experience applies equally to all skills.
((You have very sharp teeth.))
Your uncanny sense of smell can sniff out nearby items.


Message History

The stone arrow misses the killer bee.
Something hits you but does no damage.
The killer bee stings you but does no damage.
You hear a zap.
A bolt of acid appears from out of thin air!
The bolt of acid hits you!
* * * LOW HITPOINT WARNING * * *
The acid corrodes you!
You are splashed with acid!
* * * LOW HITPOINT WARNING * * *
The adder bites you but does no damage. The killer bee stings you.
* * * LOW HITPOINT WARNING * * *
Unknown command.
Casting: Stone Arrow (safe; 9% risk of failure)
Confirm with . or Enter, or press ? or * to list all spells.
Aiming: Stone Arrow (safe; 9% risk of failure)
Press: ? - help, Shift-Dir - straight line, f/p - killer bee
Aim: a killer bee The stone arrow hits the killer bee!
The killer bee is almost dead.
The killer bee stings you.
You die...

....(.. #. .......
#. #........ #.
#(........ #.
#..........
#.####...........
#.#Z..............
#.#yy..............
#.♣Sy..............
###................
#................
#................
#................
#................
####.............
#.........?...
#.............


You could see 3 killer bees, an adder and a bullfrog skeleton.

Vanquished Creatures
  Joseph (D:8)
  A water moccasin (D:9)
  A black bear (D:7)
  2 sky beasts
  A necrophage (D:8)
  An ogre (D:3)
  2 centaurs
  3 bullfrogs
  3 scorpions
  4 howler monkeys
  3 crimson imps
  A bullfrog zombie (D:5)
  3 hounds
  A jelly (D:7)
  A bullfrog skeleton (D:8)
  A centaur skeleton (D:5)
  Ijyb (D:4)
  5 orc priests
  8 orc wizards
  An iguana (D:8)
  2 worker ants
  10 adders
  A river rat (D:4)
  2 shadow imps
  An ooze (D:4)
  3 dart slugs
  2 worms
  8 leopard geckos
  32 orcs
  4 giant cockroaches
  3 hobgoblins
  5 jackals
  8 kobolds
  5 quokkas
  A ball python (D:3)
  12 bats
  6 frilled lizards
  5 goblins
  A leopard gecko skeleton (D:4)
  A quokka zombie (D:8)
  7 rats
  A spectral weapon (D:8)
164 creatures vanquished.

Notes
Turn   | Place    | Note
-------+----------+-------------------------------------------
     0 | D:1      | Amplified the Gnoll Skald began the quest for the Orb.
     0 | D:1      | Reached XP level 1. HP: 20/20 MP: 6/6
   131 | D:1      | Reached XP level 2. HP: 26/26 MP: 7/7
   748 | D:2      | Reached XP level 3. HP: 31/31 MP: 9/9
   766 | D:2      | Reached skill level 5 in Spellcasting
   913 | D:2      | Reached skill level 1 in Invocations
  1147 | D:2      | Reached skill level 1 in Short Blades
  1147 | D:2      | Reached skill level 1 in Long Blades
  1147 | D:2      | Reached skill level 1 in Axes
  1147 | D:2      | Reached skill level 1 in Maces & Flails
  1147 | D:2      | Reached skill level 1 in Staves
  1147 | D:2      | Reached skill level 1 in Slings
  1147 | D:2      | Reached skill level 1 in Bows
  1147 | D:2      | Reached skill level 1 in Crossbows
  1147 | D:2      | Reached skill level 1 in Throwing
  1147 | D:2      | Reached skill level 1 in Stealth
  1147 | D:2      | Reached skill level 1 in Shields
  1147 | D:2      | Reached skill level 1 in Unarmed Combat
  1147 | D:2      | Reached skill level 1 in Evocations
  1147 | D:2      | Reached XP level 4. HP: 32/38 MP: 11/11
  1545 | D:3      | Reached skill level 1 in Conjurations
  1545 | D:3      | Reached skill level 1 in Hexes
  1545 | D:3      | Reached skill level 1 in Summonings
  1545 | D:3      | Reached skill level 1 in Necromancy
  1545 | D:3      | Reached skill level 1 in Translocations
  1545 | D:3      | Reached skill level 1 in Transmutations
  1545 | D:3      | Reached skill level 1 in Fire Magic
  1545 | D:3      | Reached skill level 1 in Ice Magic
  1545 | D:3      | Reached skill level 1 in Air Magic
  1545 | D:3      | Reached skill level 1 in Earth Magic
  1545 | D:3      | Reached skill level 1 in Poison Magic
  1550 | D:3      | Reached XP level 5. HP: 40/43 MP: 12/12
  2308 | D:3      | Noticed an ogre
  2310 | D:3      | Killed an ogre
  2310 | D:3      | Reached XP level 6. HP: 50/50 MP: 14/14
  2411 | D:4      | Found Tuful's Book Emporium.
  2422 | D:4      | Noticed Ijyb
  2446 | D:3      | Reached skill level 5 in Fighting
  2446 | D:3      | Reached skill level 5 in Polearms
  2446 | D:3      | Reached skill level 5 in Dodging
  2660 | D:4      | Found a staircase to the Ecumenical Temple.
  2669 | Temple   | Entered the Ecumenical Temple
  2841 | Temple   | Became a worshipper of Makhleb the Destroyer
  2897 | D:4      | Learned a level 2 spell: Song of Slaying
  2900 | D:4      | Learned a level 2 spell: Shroud of Golubria
  2904 | D:4      | Learned a level 3 spell: Regeneration
  2908 | D:4      | Learned a level 3 spell: Spectral Weapon
  2912 | D:5      | Entered Level 5 of the Dungeon
  3236 | D:4      | Killed Ijyb
  3276 | D:4      | Reached XP level 7. HP: 52/56 MP: 15/15
  3367 | D:4      | Found a runed translucent door.
  3621 | D:4      | Found a runed translucent door.
  3622 | D:4      | Noticed Leekoo's ghost (novice MfAK)
  3923 | D:6      | Reached * piety under Makhleb
  4028 | D:6      | HP: 2/56 [worker ant (3)]
  4141 | D:6      | Found a hide-covered altar of Uskayaw.
  4142 | D:6      | Found a glowing golden altar of the Shining One.
  4143 | D:6      | Found an opulent altar of Gozag.
  4540 | D:5      | Learned a level 1 spell: Confusing Touch
  4544 | D:5      | Learned a level 3 spell: Stone Arrow
  4652 | D:5      | Reached XP level 8. HP: 55/63 MP: 13/16
  5099 | D:5      | Reached ** piety under Makhleb
  5815 | D:4      | Learned a level 2 spell: Passwall
  6149 | D:7      | Noticed a hippogriff
  6393 | D:8      | Found Jozim's Jewellery Shop.
  6398 | D:8      | Found a runed translucent gate.
  6398 | D:8      | Found a runed translucent gate.
  6400 | D:8      | Noticed Philippstinkt's ghost (novice HaHu)
  6401 | D:8      | Found a runed translucent gate.
  6407 | D:8      | Noticed Harold
  6483 | D:8      | Noticed a two-headed ogre
  6542 | D:7      | Reached XP level 9. HP: 57/69 MP: 18/18
  6553 | D:7      | Found a stormy altar of Qazlal.
  6751 | D:8      | Noticed Joseph
  6778 | D:8      | Killed Joseph
  7027 | D:8      | Noticed Prince Ribbit
  7286 | D:8      | Found a staircase to the Lair.
  7537 | D:9      | Reached skill level 5 in Armour
  7572 | D:9      | Noticed a two-headed ogre
  7723 | D:9      | Noticed Psyche
  7735 | D:9      | HP: 4/103 [acid (16)]
  7735 | D:9      | HP: 1/103 [killer bee (3)]
  7736 | D:9      | Slain by a killer bee

Skill      XL: |  1  2  3  4  5  6  7  8  9 |
---------------+----------------------------+-----
Spellcasting   | 5 6 |  6.6
Invocations    | 1 2 3 4 |  4.6
Short Blades   | 1 2 3 4 |  4.2
Long Blades    | 1 2 3 4 |  4.2
Axes           | 1 2 3 4 |  4.2
Maces & Flails | 1 2 3 4 |  4.2
Staves         | 1 2 3 4 |  4.2
Slings         | 1 2 3 4 |  4.2
Bows           | 1 2 3 4 |  4.2
Crossbows      | 1 2 3 4 |  4.2
Throwing       | 1 2 3 4 |  4.2
Stealth        | 1 2 3 4 |  4.2
Shields        | 1 2 3 4 |  4.2
Unarmed Combat | 1 2 3 4 |  4.2
Evocations     | 1 2 3 4 |  4.2
Conjurations   | 1 2 3 |  3.5
Hexes          | 1 2 3 |  3.5
Summonings     | 1 2 3 |  3.5
Necromancy     | 1 2 3 |  3.5
Translocations | 1 2 3 |  3.5
Transmutations | 1 2 3 |  3.5
Fire Magic     | 1 2 3 |  3.5
Ice Magic      | 1 2 3 |  3.5
Air Magic      | 1 2 3 |  3.5
Earth Magic    | 1 2 3 |  3.5
Poison Magic   | 1 2 3 |  3.5
Armour         | 3 4 5 |  5.0
Fighting       | 5 6 |  6.3
Polearms       | 5 6 |  6.3
Dodging        | 5 6 |  6.3
Charms         | 6 |  6.5

Action                   |  1- 3 |  4- 6 |  7- 9 || total
-------------------------+-------+-------+-------++-------
Melee: Spear             |   119 |   173 |       ||   292
       Bite              |     5 |    16 |    29 ||    50
       Punch             |       |     1 |     1 ||     2
       Trident           |       |       |   282 ||   282
 Fire: Hunting sling     |       |    11 |   118 ||   129
Throw: Stone             |       |       |     1 ||     1
 Cast: Regeneration      |       |       |     6 ||     6
       Confusing Touch   |       |       |    22 ||    22
       Spectral Weapon   |       |       |     5 ||     5
       Infusion          |       |       |     1 ||     1
       Stone Arrow       |       |       |     4 ||     4
Invok: Minor Destruction |       |       |     4 ||     4
Evoke: Wand              |       |     7 |     5 ||    12
  Use: Scroll            |     5 |     5 |     7 ||    17
       Potion            |       |     2 |    14 ||    16
 Stab: Sleeping          |     2 |     2 |     1 ||     5
       Distracted        |     2 |       |     1 ||     3
       Confused          |       |       |    10 ||    10
  Eat: Chunk             |     1 |     4 |     3 ||     8
       Ration            |       |     1 |     3 ||     4
Armor: Leather armour    |    20 |    25 |   119 ||   164
       Skin              |       |       |     4 ||     4
Dodge: Dodged            |    77 |   103 |   292 ||   472
